 Dungeon Crawl Stone Soup version 0.29.1-12-g30fa7ad0bf (webtiles) character file.

Game seed: 7165184109449406162

343 tictacthegrate the Slasher (level 6, -16/48 HPs)
             Began as a Human Berserker on Jan 1, 2023.
             Was a Priest of Trog.
             Demolished by a shadow (18 damage)
             ... on level 5 of the Dungeon.
             The game lasted 00:39:31 (5019 turns).

tictacthegrate the Slasher (Human Berserker)        Turns: 5019, Time: 00:39:32

Health: -16/48     AC: 11    Str: 18    XL:     6   Next: 88%
Magic:  6/6        EV:  8    Int:  6    God:    Trog [***...]
Gold:   230        SH:  0    Dex: 17    Spells: 5/5 levels left

rFire   . . .      SeeInvis .   c - +0 long sword
rCold   + . .      Faith    .   (no shield)
rNeg    . . .      Spirit   .   E - +0 chain mail
rPois   .          Reflect  .   (no helmet)
rElec   .          Harm     .   (no cloak)
rCorr   .          Rampage  .   (no gloves)
Will    .....                   (no boots)
Stlth   ..........              (no amulet)
HPRegen 0.16/turn               (no ring)
MPRegen 0.10/turn               (no ring)

@: no status effects
A: iridescent scales 1, agile 1, cold resistance 1, wild magic 1
a: Renounce Religion, Berserk, Trog's Hand


You were on level 5 of the Dungeon.
You worshipped Trog.
Trog was most pleased with you.
You visited 1 branch of the dungeon, and saw 5 of its levels.

You collected 230 gold pieces.

Inventory:

Hand Weapons
 a - a +0 falchion
 c - a +0 long sword (weapon)
 l - a +0 sling
 t - a +0 whip
 C - a +0 mace
 M - a +0 flail
 O - a +0 flail
 P - a +0 spear
 Q - a +0 flail
 R - a +1 whip of pain
Missiles
 j - a throwing net (quivered)
 o - 3 boomerangs
 q - 40 stones
 v - 2 javelins
 L - 4 datura-tipped darts
Armour
 b - a +0 animal skin
 i - a +0 robe
 k - a +0 leather armour
 n - a +0 leather armour
 p - a +0 leather armour
 s - a +0 leather armour
 u - a +0 robe
 w - a +0 ring mail
 y - a +0 chain mail
 E - a +0 chain mail (worn)
 G - a +0 ring mail
 I - a +2 cloak
Magical Staves
 D - a staff of air
Jewellery
 H - a +6 ring of intelligence
Scrolls
 d - 5 scrolls of teleportation {unknown}
 g - a scroll of butterflies {unknown}
 h - a scroll of fear {unknown}
 x - a scroll of torment {unknown}
 z - a scroll of brand weapon {unknown}
 A - a scroll of amnesia {unknown}
 N - a scroll of enchant weapon {unknown}
Potions
 e - 2 potions of mutation
 f - a potion of invisibility {unknown}
 m - a potion of brilliance
 r - 2 potions of might {unknown}
 B - 4 potions of curing {unknown}
 F - a potion of heal wounds {unknown}
 J - a potion of berserk rage {unknown}
 K - a potion of haste {unknown}


   Skills:
 + Level 4.1 Fighting
 + Level 5.1 Long Blades
 + Level 3.2 Armour
 + Level 2.9 Dodging
 + Level 1.8 Stealth


You had 5 spell levels left.
You didn't know any spells.
Your spell library contained the following spells:

 Spells                   Type           Power      Damage    Failure   Level
 Slow                     Hex            0%         N/A       100%        1
 Sting                    Tmut/Pois      0%         1d3       100%        1
 Confusing Touch          Hex            0%         N/A       100%        3
 Conjure Flame            Conj/Fire      0%         6-21      100%        3
 Ignite Poison            Fire/Tmut/Pois 0%         N/A       100%        3
 Vampiric Draining        Necr           0%         2d6       100%        3
 Airstrike                Air            0%         2d(0-16)  100%        4
 Sticky Flame             Conj/Fire      0%         2d3       100%        4
 Summon Lightning Spire   Summ/Air       0%         N/A       100%        4
 Blade Hands              Tmut           0%         N/A       100%        5
 Irradiate                Conj/Tmut      0%         3d11      100%        5
 Lightning Bolt           Conj/Air       0%         1d11      100%        5
 Dragon Form              Tmut           0%         N/A       100%        7


Dungeon Overview and Level Annotations

Branches:
Dungeon (5/15)
 Temple: D:4-7

Altars:
Ashenzari
Qazlal

Shops:
D:1 ?=[(*


Innate Abilities, Weirdness & Mutations

You are partially covered in iridescent scales. (AC +2)
You are agile. (Dex +4, Str/Int -1)
Your flesh is cold resistant. (rC+)
Your spells are a little harder to cast, but a little more powerful.


Message History

The shadow is lightly damaged.
The shadow barely misses you.
You closely miss the shadow.
The shadow is lightly damaged.
The shadow slips into darkness.
The shadow flickers and vanishes!
Deactivating autopickup; reactivate with Ctrl-A.
You hit something.
The shadow strikes at you from the darkness!
Ouch! That really hurt!
* * * LOW HITPOINT WARNING * * *
Reactivating autopickup.
You hit the shadow.
The shadow is moderately damaged.
The shadow hits you.
An orc comes into view. It is wielding a +0 hand axe.
The shadow hits you.
The orc shouts!
You hit the shadow but do no damage.
The shadow is moderately damaged.
The shadow closely misses you.
You hit the shadow.
The shadow is moderately damaged.
The shadow barely misses you. The orc hits you but does no damage.
You slash the shadow!
The shadow is severely damaged.
The shadow hits you.
* * * LOW HITPOINT WARNING * * *
The orc hits you but does no damage.
You slash the orc!
You kill the orc!
Trog accepts your kill. The shadow barely misses you.
The shadow slips into darkness.
The shadow flickers and vanishes!
Deactivating autopickup; reactivate with Ctrl-A.
Things that are here:
a +0 hand axe; a +0 chain mail The shadow strikes at you from the darkness!
You die...

####### #####.....# ##
#<†...###.# ...
###############.# ....
#.......##......#
.....#.....#.##.#..#.#
.....'{@.....##....#.#
.....##)...........#..
...........###.#.#.#..#
...................##.#
##........######.### .#
..>........ #.# ..
...######### #.# ## ...
#.. .. #.#


There were no monsters in sight!

Vanquished Creatures
  A necrophage (D:4)
  A scorpion (D:4)
  A jelly (D:4)
  An orc wizard (D:4)
  4 gnolls (D:5)
  6 adders
  2 dart slugs
  2 orcs (D:5)
  3 bats
  3 endoplasms
  11 goblins
  5 hobgoblins
  A jackal (D:2)
  4 quokkas
  7 ball pythons
  4 frilled lizards
  13 kobolds
  15 rats
84 creatures vanquished.

Vanquished Creatures (others)
  A fungus (D:2)
  4 plants
5 creatures vanquished.

Grand Total: 89 creatures vanquished

Notes
Turn   | Place    | Note
-------+----------+-------------------------------------------
     0 | D:1      | tictacthegrate the Human Berserker began the quest for the
                  | Orb.
     0 | D:1      | Reached XP level 1. HP: 18/18 MP: 1/1
   162 | D:1      | Found Jouqitt's Magic Scroll Boutique.
   230 | D:1      | Reached XP level 2. HP: 5/24 MP: 2/2
   413 | D:1      | Found Lytroc's Jewellery Boutique.
   495 | D:1      | Found Heugrit's Weapon Boutique.
   605 | D:1      | You fall into a shaft and drop 1 floor!
   780 | D:1      | Found Otou's General Store.
   786 | D:1      | Reached XP level 3. HP: 29/29 MP: 3/3
  1011 | D:1      | Reached ** piety under Trog
  1147 | D:1      | Found Baffen's Armour Boutique.
  1934 | D:2      | Found a stormy altar of Qazlal.
  2442 | D:2      | Found a faded altar of an unknown god.
  2458 | D:2      | Got Plato's Opusculum on Moulding
  2917 | D:3      | Reached XP level 4. HP: 34/35 MP: 4/4
  2968 | D:3      | Reached skill level 4 in Long Blades
  3272 | D:3      | Found a broken altar of Ashenzari.
  3390 | D:3      | Reached skill level 1 in Stealth
  3438 | D:3      | Reached XP level 5. HP: 19/41 MP: 5/5
  3668 | D:4      | Gained mutation: You are agile. (Dex +4, Str/Int -1)
                  | [potion of mutation]
  3668 | D:4      | Gained mutation: Your spells are a little harder to cast,
                  | but a little more powerful. [potion of mutation]
  3668 | D:4      | Gained mutation: Your flesh is cold resistant. (rC+)
                  | [potion of mutation]
  3668 | D:4      | Gained mutation: You are partially covered in iridescent
                  | scales. (AC +2) [potion of mutation]
  4103 | D:4      | Reached XP level 6. HP: 42/48 MP: 6/6
  4247 | D:4      | Reached skill level 5 in Long Blades
  4593 | D:5      | Entered Level 5 of the Dungeon
  4971 | D:5      | Reached *** piety under Trog
  5003 | D:5      | Noticed a shadow
  5016 | D:5      | HP: 2/48 [shadow (5)]
  5019 | D:5      | Demolished by a shadow

Illustrated notes

Levels and vault maps discovered:
D:1:      sevenhm_arrival_forest_fort_large_2, layout_loops_ring, serial_glass,
          glass_columns_b, glass_columns_c, serial_shops, shop,
          nicolae_square_shop, nicolae_shop_temple_entry_statues_fountains,
          shop, nicolae_shop_waterfront, minmay_rat_gold_closets
D:2:      layout_basic, shapermc_ecumenical_altar_rom_forum, basic_altar,
          st_stairs_10, minmay_tromino_i4
D:3:      layout_rooms, mainiacjoe_overflow_brackets, serial_bayou,
          serial_bayou_pond_e, serial_bayou_pond_c, serial_bayou_lake_a,
          serial_bayou_ford_a
D:4:      layout_basic, serial_curves, eino_curves_03, eino_curves_02
D:5:      layout_basic, uniq_menkaure

Skill      XL: |  1  2  3  4  5  6 |
---------------+-------------------+-----
Long Blades    | 4 5 |  5.1
Stealth        | 1 |  1.8
Armour         | 3 |  3.2
Fighting       | 4 |  4.1
Dodging        | |  2.9

Action                   |  1- 3 |  4- 6 || total
-------------------------+-------+-------++-------
Melee: Falchion          |    19 |       ||    19
       Long sword        |   105 |   146 ||   251
       Punch             |       |     3 ||     3
Invok: Berserk           |     1 |     1 ||     2
  Use: Potion            |       |     2 ||     2
       Scroll            |       |     2 ||     2
 Stab: Sleeping          |     1 |     1 ||     2
Armor: Animal skin       |    19 |       ||    19
       Leather armour    |     6 |    13 ||    19
       Chain mail        |       |    54 ||    54
Dodge: Dodged            |   101 |    76 ||   177
